 Dungeon Crawl Stone Soup version 0.30-a0-168-g0b976cbdc4 (webtiles) character file.

Game seed: 15482825882955405989

238 trckry the Digger (level 6, 0/41 HPs)
             Began as a Formicid Earth Elementalist on Sept 30, 2022.
             Killed by divine providence
             ... invoked by an orc priest
              (8 damage)
             ... on level 4 of the Dungeon.
             The game lasted 00:08:57 (3094 turns).

trckry the Digger (Formicid Earth Elementalist)     Turns: 3094, Time: 00:08:58

Health: 0/41       AC:  2    Str: 12    XL:     6   Next: 28%
Magic:  11/11      EV: 12    Int: 17    God:
Gold:   95         SH:  5    Dex: 14    Spells: 8/12 levels left

rFire   . . .      SeeInvis +    v - +0 trident
rCold   . . .      Faith    .    (no shield)
rNeg    . . .      Spirit   .    a - +0 robe
rPois   +          Reflect  +    (helmet unavailable)
rElec   .          Harm     .    c - scarf {shadows}
rCorr   .          Rampage  .    (no gloves)
Will    .....                    (no boots)
Stlth   ++........               f - amulet of reflection
HPRegen 0.13/turn                r - +4 ring of slaying
MPRegen 0.12/turn                z - ring of poison resistance

@: no status effects
A: permanent stasis, dig shafts and tunnels, antennae 3, four strong arms
a: Dig, Shaft Self


You were on level 4 of the Dungeon.
You visited 1 branch of the dungeon, and saw 4 of its levels.

You collected 95 gold pieces.

Inventory:

Hand Weapons
 o - a +4 dagger of holy wrath
 v - a +0 trident (weapon)
Armour
 a - a +0 robe (worn)
 c - a scarf of shadows (worn)
 d - a +0 buckler
 g - an orb of light
Jewellery
 f - an amulet of reflection (around neck)
 l - an amulet of guardian spirit
 r - a +4 ring of slaying (left hand)
 z - a ring of poison resistance (right hand)
Scrolls
 i - 2 scrolls of vulnerability {unknown}
 j - a scroll of identify {unknown}
 m - a scroll of blinking {unknown}
 n - a scroll of immolation {unknown}
 p - a scroll of enchant armour {unknown}
 q - a scroll of fear {unknown}
 t - a scroll of poison {unknown}
 w - a scroll of noise {unknown}
 y - a scroll of enchant weapon {unknown}
Potions
 b - 2 potions of magic
 e - 2 potions of haste {unknown}
 h - 2 potions of attraction {unknown}
 k - 2 potions of curing {unknown}
 s - a potion of resistance {unknown}
 u - a potion of might {unknown}
 x - a potion of degeneration {unknown}


   Skills:
 - Level 1.7 Dodging
 - Level 2.4 Stealth
 + Level 3.1 Shields
 + Level 3.5 Spellcasting
 + Level 0.5 Conjurations
 - Level 1.1 Transmutations
 * Level 6.2 Earth Magic


You had 8 spell levels left.
You knew the following spells:

 Your Spells              Type           Power      Damage    Failure   Level
a - Sandblast             Erth           48%        2d12      1%          1
b - Stone Arrow           Conj/Erth      28%        3d8       12%         3

Your spell library contained the following spells:

 Spells                   Type           Power      Damage    Failure   Level
 Passwall                 Tmut/Erth      12%        N/A       5%          2
 Petrify                  Tmut/Erth      15%        N/A       36%         4
 Leda's Liquefaction      Hex/Erth       6%         N/A       41%         4
 Call Canine Familiar     Summ           3%         N/A       45%         3
 Portal Projectile        Hex/Tloc       6%         N/A       45%         3
 Conjure Ball Lightning   Conj/Air       1%         3x3d6     100%        6
 Discord                  Hex            1%         N/A       100%        8
 Disjunction              Tloc           1%         N/A       100%        8


Dungeon Overview and Level Annotations

Branches:
Dungeon (4/15) Zot: 20843
 Temple: D:4-7

Altars:


Innate Abilities, Weirdness & Mutations

You cannot be hasted, slowed, berserked, paralysed or teleported.
You can dig through walls and to a lower floor.
You have a pair of large antennae on your head. (SInv)
Your four strong arms can wield two-handed weapons with a shield.


Message History

No target in view!
An orc and 2 orc priests come into view.
The orc priest shouts!
The orc shouts!
The orc hits you with a +0 club.
The orc priest shouts!
You hear a shout!
You take 2 damage, and have 32/41 hp.
You barely miss the orc.
The orc priest invokes the aid of Beogh against you.
You struggle to resist.
You closely miss the orc. The orc hits you with a +0 club.
An orc comes into view. It is wielding a +0 flail.
The orc priest looks encouraged for a moment.
You block the orc's attack.
The orc moves out of view.
You take 3 damage, and have 29/41 hp.
You barely miss the orc. You block the orc's attack.
The orc priest attacks as you move away!
You block the orc priest's attack.
You puncture the orc!
The orc is almost dead.
You block the orc's attack.
You puncture the orc!
You kill the orc!
You completely miss the orc priest. You block the orc priest's attack.
The orc priest calls down the wrath of Beogh upon you.
Pain shoots through your body!
You take 13 damage, and have 16/41 hp.
MASSIVE DAMAGE!!
You hit the orc priest.
The orc priest is moderately wounded.
The orc priest hits you with a +0 flail!
* * * LOW HITPOINT WARNING * * *
You take 8 damage, and have 8/41 hp.
You hit the orc priest.
The orc priest is severely wounded.
The orc priest barely misses you.
You hit the orc priest.
The orc priest is almost dead.
The orc priest closely misses you.
The orc priest invokes the aid of Beogh against you.
Beogh smites you!
You die...

## ##### #......####
#####.#.......##
........##
##..########
#oo#.###.#..#.....#
#.#@#.#.#)#...###.#
o..##.#)#.##...# #.#
..o..
##.#.###.#.###†#
##.##.
#.#.#.##.#..<..##
...
#.#.#.#.#.#.#.#....<
## #..#.#
#.#..#.####.. #...#
#.)#........ #.#.
....##..... . . .##
#.....


You could see an orc priest and an orc.

Vanquished Creatures
  A hound (D:4)
  An orc wizard (D:3)
  Robin (D:2)
  7 adders
  A gnoll (D:3)
  3 worms (D:3)
  2 dart slugs (D:3)
  5 orcs
  3 endoplasms
  6 giant cockroaches
  14 goblins
  9 hobgoblins
  5 jackals
  3 quokkas (D:3)
  7 ball pythons
  3 bats (D:1)
  2 frilled lizards
  6 kobolds
  3 rats
82 creatures vanquished.

Notes
Turn   | Place    | Note
-------+----------+-------------------------------------------
     0 | D:1      | trckry the Formicid Earth Elementalist began the quest for
                  | the Orb.
     0 | D:1      | Reached XP level 1. HP: 13/13 MP: 3/3
   174 | D:1      | Reached skill level 4 in Earth Magic
   174 | D:1      | Reached XP level 2. HP: 8/19 MP: 0/5
   751 | D:2      | Noticed Robin
   760 | D:1      | Reached XP level 3. HP: 14/24 MP: 1/6
   911 | D:2      | Killed Robin
   920 | D:1      | Reached skill level 1 in Shields
  1227 | D:2      | Reached skill level 5 in Earth Magic
  1227 | D:2      | Reached XP level 4. HP: 22/30 MP: 4/8
  1808 | D:3      | Reached XP level 5. HP: 7/35 MP: 7/9
  2979 | D:3      | Learned a level 3 spell: Stone Arrow
  3003 | D:4      | Reached skill level 6 in Earth Magic
  3005 | D:4      | Reached XP level 6. HP: 36/41 MP: 7/11
  3094 | D:4      | Killed from afar by an orc priest

Illustrated notes

Levels and vault maps discovered:
D:1:      nzn_arrival_water_spiral, layout_rooms
D:2:      layout_basic, nicolae_elevator_lobby_plus, uniq_robin
D:3:      layout_basic, minmay_mini_jars
D:4:      layout_loops_ring, minmay_circle_x

Skill      XL: |  1  2  3  4  5  6 |
---------------+-------------------+-----
Earth Magic    | 4 5 6 |  6.2
Shields        | 1 2 3 |  3.1
Spellcasting   | 3 |  3.5
Dodging        | |  1.7
Stealth        | |  2.4
Conjurations   | |  0.5
Transmutations | |  1.1

Action                   |  1- 3 |  4- 6 || total
-------------------------+-------+-------++-------
Melee: Hand axe          |       |    32 ||    32
       Trident           |       |    48 ||    48
 Cast: Sandblast         |    44 |    34 ||    78
 Stab: Sleeping          |       |     4 ||     4
Armor: Robe              |     6 |    18 ||    24
Dodge: Dodged            |    26 |    63 ||    89
Block: Other             |       |    10 ||    10

Table legend: (Time is in decaauts)
 A = Elapsed time spent in this place.
 B = Non-inter-level travel time spent in this place.
 C = Inter-level travel time spent in this place.
 D = Time resting spent in this place.
 E = Time spent auto-exploring this place.
 F = Levels seen in this place.
 G = Mean time per level.
                   A        B        C        D        E       F      G
               +--------+--------+--------+--------+--------+-----+--------+
         Total |   3155 |   3051 |    104 |    192 |   2260 |   4 |  788.8 |
       Dungeon |   3155 |   3051 |    104 |    192 |   2260 |   4 |  788.8 |
               +--------+--------+--------+--------+--------+-----+--------+

Top non-repeatable levels by time:
     D:3: 1352 daAuts
     D:1: 1000 daAuts
     D:2: 688 daAuts
     D:4: 114 daAuts
